[Event "*** Titled Tuesday Blitz"]
[Site "Chess.com"]
[Date "2021.03.30"]
[Round "4"]
[White "PowerThinking2650"]
[Black "iamnotIM"]
[Result "1/2-1/2"]
[WhiteElo "2414"]
[BlackElo "2592"]
[TimeControl "180+1"]
[EndTime "10:40:02 PDT"]
[Termination "Game drawn by agreement"]

1. e4 c5 2. Nf3 d6 3. d4 cxd4 4. Nxd4 Nf6 5. Nc3 g6 6. Bc4 Bg7 7. Be3 Nc6 8. f3 O-O 9. Qd2 Bd7 10.
Bb3 Qa5 11. h4 Rfc8 12. h5 Nxh5 13. O-O-O Ne5 14. g4 Rxc3 15. bxc3 Nf6 16. Bh6 Bxh6 17. Rxh6 Rc8 18. Rdh1 Qxc3 19. Qxc3 Rxc3 20. Kd2 Rc8 21.
a4 Kg7 22. R6h2 b6 23. g5 Nh5 24.
Rxh5 gxh5 25. f4 Ng6 26. Ke3 Nxf4 27. Nf5+ Bxf5 28. exf5 e5 29. fxe6 Nxe6 30. Rxh5 Rc5 31. Rh3 Nxg5 32. Rg3 h6 33. Kd4 a6 34. Bd5 b5 35. a5 Rc8 36. c3 Rc7 37. Re3 Kf8 38.
Re1 Ne6+ 39. Bxe6 fxe6 40. Rxe6 Rc4+ 41. Kd5 Ra4 42. Rxh6 Rxa5 43. Rxd6 b4+ 44. Kc4 bxc3 45. Kxc3 Ke7 46. Rh6 Kd7 47. Kb4 Rb5+ 48. Ka4 Re5 49. Rxa6 Re4+ 50. Ka5 Re5+ 51. Kb4 Re4+ 52. Kc5 Re5+ 1/2-1/2

[Event "*** Titled Tuesday Blitz"]
[Site "Chess.com"]
[Date "2021.03.30"]
[Round "4"]
[White "kflorian98"]
[Black "Djager97"]
[Result "0-1"]
[WhiteElo "2679"]
[BlackElo "2508"]
[TimeControl "180+1"]
[EndTime "10:40:03 PDT"]
[Termination "Djager97 won by checkmate"]

1. e4 e5 2. Nf3 Nc6 3. a3 Nf6 4. d3 d5 5. exd5 Nxd5 6. c4 Nf6 7. Nc3 Be7 8. Be2 O-O 9. O-O Re8 10. b4 Bf8 11.
Re1 h6 12. Bb2 Bf5 13. Bf1 Bg4 14. h3 Bh5 15. Be2 e4 16. dxe4 Nxe4 17. Nxe4 Rxe4 18.
Qc2 Bg6 19. Qb3 Qd7 20. Rad1 Qe6 21. Bd3 Rxe1+ 22. Rxe1 Qd6 23. Bxg6 Qxg6 24. b5 Nd8 25. Ne5 Qf5 26. g4 Qf4 27. Bc1 Qd4 28. Nf3 Qf6 29.
Re8 a6 30. Bb2 Qd6 31. Qc3 f6 32. c5 Qd5 33. Nh4 axb5 34. Ng6 Qd1+ 35. Kh2 Kf7 36. Rxf8+ Kxg6 37. f4 Kh7 38. Rxf6 Qe2+ 39. Kg3 gxf6 40. Qxf6 Qe1+ 41. Kg2 Qe2+ 42. Kg3 Qe1+ 43. Kf3 Qf1+ 44. Ke3 Qe1+ 45. Kd3 Qd1+ 46. Ke4 Qe2+ 47. Kd5 Qc4+ 48.
Ke5 Nc6+ 49. Kf5 Qd5+ 50. Be5 Qd3+ 51. Ke6 Re8+ 52. Kf7 Qd7+ 53. Qe7 Qxe7# 0-1

[Event "*** Titled Tuesday Blitz"]
[Site "Chess.com"]
[Date "2021.03.30"]
[Round "4"]
[White "Stormeman100100"]
[Black "kidagent"]
[Result "0-1"]
[WhiteElo "2501"]
[BlackElo "2326"]
[TimeControl "180+1"]
[EndTime "10:40:03 PDT"]
[Termination "kidagent won by resignation"]

1. e4 c5 2. Nf3 d6 3. d4 cxd4 4. Nxd4 Nf6 5. Nc3 a6 6. Bg5 e6 7. f4 b5 8. e5 dxe5 9. fxe5 Qc7 10. exf6 Qe5+ 11. Be2 Qxg5 12. O-O Ra7 13. Nf3 Bc5+ 14. Kh1 Qxf6 15. Ne4 Qe7 16. Ne5 O-O 17. Bd3 f5 18. Nxc5 Qxc5 19. Qe2 Nc6 20. Rae1 Qxe5 21. Qxe5 Nxe5 22.
Rxe5 Rc7 23. Rfe1 g6 24. Kg1 Kf7 25. Kf2 Rd8 26. a4 bxa4 27. Ra5 Rd4 28. Ke3 Rb4 29. Rb1 Rc6 30. c3 Rb3 31. Rxa4 Kf6 32. Kd2 Bb7 33. Bc2 Rbb6 34. b4 Rd6+ 35. Kc1 Bxg2 36. Bb3 e5 37. c4 Rbc6 38. c5 Rd4 39. Rb2 Bf3 40. Rd2 Rxd2 41. Kxd2 e4 42. Bc4 Ke5 43. Rxa6 Rxa6 44.
Bxa6 Kd4 45. c6 e3+ 46. Ke1 Bxc6 47. Be2 Kc3 48. b5 Bb7 49. Bf1 f4 50. Ke2 Kd4 51. Ke1 f3 52. Bh3 g5 53. Bg4 h6 54. h3 Ke5 55. Kf1 Kf4 56. h4 Kxg4 57. hxg5 hxg5 0-1

[Event "*** Titled Tuesday Blitz"]
[Site "Chess.com"]
[Date "2021.03.30"]
[Round "4"]
[White "Das_Virus_2020"]
[Black "xurramid77"]
[Result "0-1"]
[WhiteElo "2485"]
[BlackElo "2648"]
[TimeControl "180+1"]
[EndTime "10:40:05 PDT"]
[Termination "xurramid77 won on time"]

1. e4 e5 2. Nc3 d6 3. g3 f5 4. d3 Nf6 5. Bg2 c6 6. Nge2 Be7 7. O-O O-O 8. h3 b5 9. a3 a5 10. f4 Qb6+ 11. Kh2 fxe4 12. dxe4 Nbd7 13. f5 Ba6 14. b4 Bb7 15. Bg5 axb4 16. axb4 Rxa1 17. Qxa1 Ng4+ 18. hxg4 Bxg5 19. Qd1 Rf6 20. Bf3 Qc7 21. Ng1 Rh6+ 22. Nh3 Nb6 23. Be2 d5 24. Kg2 Qe7 25. Nxg5 Qxg5 26.
Qc1 Qxc1 27. Rxc1 d4 28. Nd1 Rd6 29. Nf2 Na4 30. g5 c5 31. bxc5 Nxc5 32. Bf3 Ra6 33. Rb1 Bc6 34. Nd3 Ra2 35. Nb4 Ra6 36. Nxc6 Rxc6 37. Rxb5 g6 38. f6 Ne6 39. Rb2 Nxg5 40.
Be2 Rxf6 41. Bd3 Kg7 42. Rb7+ Kh6 43. Re7 Nf3 44. Kh3 Kg5 45. Kg2 Ne1+ 46. Kh3 Nf3 47. Rxh7 Ne1 48. Re7 Nf3 49. Rh7 Ne1 50. Re7 Nxd3 0-1

[Event "*** Titled Tuesday Blitz"]
[Site "Chess.com"]
[Date "2021.03.30"]
[Round "4"]
[White "AttilaTurzo"]
[Black "GelmanAlexander"]
[Result "1-0"]
[WhiteElo "2501"]
[BlackElo "2633"]
[TimeControl "180+1"]
[EndTime "10:40:06 PDT"]
[Termination "AttilaTurzo won by resignation"]

1. d4 Nf6 2. Nf3 c5 3. c3 b6 4. Bf4 Bb7 5. e3 d6 6. h3 Nbd7 7. Nbd2 h6 8. Bc4 a6 9. a4 g5 10. Bh2 Rg8 11. Qb3 e6 12. Bd3 h5 13. e4 g4 14. Ng1 gxh3 15. gxh3 cxd4 16. cxd4 Rc8 17. Ne2 d5 18. f3 dxe4 19. fxe4 Bh6 20. Nc3 Nc5 21. Qc2 Qxd4 22. Be2 Bxd2+ 23. Qxd2 Qxd2+ 24. Kxd2 Nb3+ 25. Ke3 Nxa1 26. Rxa1 Rg2 27. Bd6 Nxe4 28. Nxe4 Bxe4 29. Bxa6 Bc6 30. Bxc8 Rxb2 31. h4 f5 32. Bxe6 f4+ 33. Kxf4 Re2 34. Bf5 Kf7 35. Rg1 Rf2+ 36. Kg5 Ra2 37. Bg6+ Ke6 38. Bf8 Rxa4 39. Bxh5 Ra5+ 40. Kh6 Be4 41. Rg5 Ra8 42. Bg4+ Kf6 43. Bg7+ Kf7 44. Bh5+ Ke6 45. Bg6 Bc6 46. h5 b5 47.
Bf5+ Kd6 48. Rg6+ Kc5 49. Rg5 Kb6 50. Be6 b4 51. Kg6 Be8+ 52. Bf7 Bxf7+ 53. Kxf7 Ra7+ 54. Kg8 b3 55. h6 Ra2 56. h7 Ra8+ 57. Kf7 Ra7+ 58. Kg6 Ra8 59. h8=Q 1-0

[Event "*** Titled Tuesday Blitz"]
[Site "Chess.com"]
[Date "2021.03.30"]
[Round "4"]
[White "bocah_sakit"]
[Black "OriTaichman"]
[Result "1-0"]
[WhiteElo "2844"]
[BlackElo "2540"]
[TimeControl "180+1"]
[EndTime "10:40:07 PDT"]
[Termination "bocah_sakit won by checkmate"]

1. e4 c5 2. Nf3 Nc6 3. d4 cxd4 4. Nxd4 d5 5. Bb5 dxe4 6. Nxc6 Qxd1+ 7. Kxd1 a6 8. Ba4 Bd7 9. Nc3 Bxc6 10. Bxc6+ bxc6 11. Nxe4 f5 12. Nc5 e5 13. Nb3 O-O-O+ 14. Ke2 Nf6 15. Bg5 Be7 16. Rad1 h6 17. Bxf6 gxf6 18. Rxd8+ Rxd8 19. c3 Rg8 20. g3 Kc7 21. Rd1 h5 22. Na5 h4 23. Nc4 h3 24. Ne3 Rg5 25. f4 Rh5 26. b4 Bf8 27. Rf1 Bh6 28. Kf3 Kd6 29. g4 e4+ 30. Kg3 fxg4 31. Kxg4 Bxf4 32. Nc4+ Ke6 33. Kxh5 Bxh2 34. Kg4 Bc7 35. Kxh3 f5 36. Re1 Kd5 37. Ne3+ Ke6 38. Kg2 f4 39. Nc4 Kd5 40. Nd2 f3+ 41.
Nxf3 exf3+ 42. Kxf3 Kc4 43. Re6 Bh2 44. Rxc6+ Kb5 45.
Rc5+ Kb6 46. a4 Bg1 47. a5+ Kb7 48. Rc4 Ba7 49. Ke4 Bb8 50. Kd5 Bg3 51. Rc6 Be1 52. Rb6+ Ka7 53. c4 Bf2 54. c5 Bg1 55. Kc6 Ka8 56.
Rxa6+ Kb8 57. Rb6+ Ka7 58. Kc7 Bh2+ 59. Kc8 Be5 60. b5 Bd4 61. Ra6# 1-0

[Event "*** Titled Tuesday Blitz"]
[Site "Chess.com"]
[Date "2021.03.30"]
[Round "4"]
[White "Ceejay271"]
[Black "MPGM"]
[Result "0-1"]
[WhiteElo "2331"]
[BlackElo "2576"]
[TimeControl "180+1"]
[EndTime "10:40:08 PDT"]
[Termination "MPGM won by resignation"]

1. d4 Nf6 2. Nf3 e6 3. Bg5 d5 4. Nbd2 Nbd7 5. e3 h6 6. Bh4 b6 7. Bd3 Bb7 8. c3 Be7 9. Ne5 Nxe5 10. dxe5 Nd7 11. Bxe7 Qxe7 12. f4 Qh4+ 13. g3 Qh3 14.
Qe2 d4 15. Be4 Bxe4 16. Nxe4 dxc3 17. Nxc3 O-O 18. O-O-O Nc5 19. Kb1 a5 20. Rd4 a4 21.
Rhd1 a3 22. b3 Na6 23. Nb5 c5 24. Rd7 Nb4 25. e4 Nc6 26. R1d6 Rac8 27. Rb7 h5 28. Rxb6 Nd4 29. Nxd4 cxd4 30. Rxd4 h4 31. Rd3 Rc7 32. Rbd6 hxg3 33. Rxg3 Rfc8 34. Rd1 Qh6 35. Rf3 g6 36. Qd2 Qh5 37. Rd3 Kg7 38. Rd4 Qf3 39. f5 exf5 40.
exf5 Qxf5+ 41. Rd3 Rc2 42. Qxc2 Rxc2 43. Kxc2 Qxe5 44. R1d2 Qb2+ 45. Kd1 Qb1+ 46. Ke2 Qa1 47. Re3 f5 48. Red3 g5 49. Rd7+ Kg6 50. R7d6+ Kh5 51.
R6d5 f4 52. Kf3 Qh1+ 53. Ke2 Qxh2+ 54. Kd3 Qg3+ 55. Ke4 f3 56. R5d3 Qf4+ 57. Kd5 f2 58.
Rxf2 Qxf2 59. Rd4 Qxa2 0-1

[Event "*** Titled Tuesday Blitz"]
[Site "Chess.com"]
[Date "2021.03.30"]
[Round "4"]
[White "KacperPolOK"]
[Black "Irina_Baraeva"]
[Result "0-1"]
[WhiteElo "2445"]
[BlackElo "2311"]
[TimeControl "180+1"]
[EndTime "10:40:08 PDT"]
[Termination "Irina_Baraeva won by resignation"]

1. e4 e6 2. d4 d5 3. Nc3 Bb4 4. e5 c5 5. a3 Bxc3+ 6. bxc3 Ne7 7. Qg4 O-O 8. Bd3 Nbc6 9. Bg5 Qa5 10. Ne2 c4 11. Bxh7+ Kxh7 12. Qh4+ Kg8 13. Bxe7 Nxe7 14. Qxe7 f6 15. f4 Rf7 16. Qb4 Qd8 17. O-O b6 18. Rf3 Bd7 19. Raf1 Be8 20. f5 fxe5 21. dxe5 exf5 22.
Rxf5 Rxf5 23. Rxf5 Bg6 24. Rf2 Bxc2 25. Nd4 Be4 26.
Nc6 Qg5 27. Qb2 Rc8 28. Nd4 Qxe5 29. Qd2 Re8 30. Qf4 Qxf4 31. Rxf4 Bd3 32. Kf2 Rf8 33.
Ke3 a6 34. g3 Re8+ 35. Kf2 b5 36. g4 a5 37. h4 b4 38. axb4 axb4 39. cxb4 Rb8 40. b5 Ra8 41. g5 c3 42. Ke3 c2 43.
Nxc2 Bxc2 44. Kd4 Be4 45. Ke5 Rd8 46. h5 Bg2 47. Kd4 Be4 48. g6 Rc8 49. Rf2 Rb8 50.
Kc5 Rc8+ 51. Kd6 Rb8 52. Kc6 d4+ 53. Kc5 d3 54. b6 Rd8 55. Re2 dxe2 0-1

[Event "*** Titled Tuesday Blitz"]
[Site "Chess.com"]
[Date "2021.03.30"]
[Round "4"]
[White "nikitakhoroshev"]
[Black "ural58"]
[Result "1-0"]
[WhiteElo "2685"]
[BlackElo "2490"]
[TimeControl "180+1"]
[EndTime "10:40:09 PDT"]
[Termination "nikitakhoroshev won by resignation"]

1. d4 d5 2. c4 e5 3. dxe5 d4 4. Nf3 Nc6 5. a3 g6 6. e3 Bg4 7. Be2 Bxf3 8. Bxf3 Nge7 9. O-O Bg7 10. exd4 Qxd4 11. Qa4 O-O 12. Nc3 Nxe5 13. Bxb7 Rab8 14. Be4 Nxc4 15. Rd1 Qc5 16. Ra2 Rfd8 17. Rxd8+ Rxd8 18. Qc2 Bd4 19. b4 Qe5 20. Ne2 Nd6 21. Bf3 Ndf5 22. Bf4 Qe6 23. g3 Bb6 24. Kg2 h5 25. h4 Nd5 26.
Bg5 Rd7 27. Ra1 f6 28. Bd2 Qd6 29. Qb3 Kg7 30. Qxd5 Qxd5 31. Bxd5 Rxd5 32. Bf4 c5 33.
bxc5 Rxc5 34. Ra2 Ra5 35. a4 Kf7 36. Bd2 Re5 37. Bc3 Re4 38. a5 Bc5 39. Rb2 Ke6 40. Nf4+ Kd6 41. Bxf6 Kc6 42. Rc2 Kb5 43. Nd3 Bd4 44.
Bd8 Ka6 45. Rc6+ Kb5 46. Rxg6 Re2 47. Rg5 Kc4 48. Rxf5 Kxd3 49. g4 hxg4 50. Kg3 Re8 51. Bg5 Rc8 52. Kxg4 Rc4 53. f4 Bc3 54. h5 Rc6 55. h6 Ra6 56. h7 Kc4 57. Rf7 Rxa5 58.
Bf6 Bxf6 59. Rxf6 Ra1 60. h8=Q Rg1+ 61. Kf5 1-0

[Event "*** Titled Tuesday Blitz"]
[Site "Chess.com"]
[Date "2021.03.30"]
[Round "4"]
[White "Rozum_Ivan"]
[Black "BendyBear"]
[Result "1-0"]
[WhiteElo "2732"]
[BlackElo "2436"]
[TimeControl "180+1"]
[EndTime "10:40:10 PDT"]
[Termination "Rozum_Ivan won by resignation"]

1. e4 c5 2. Nf3 d6 3. Nc3 Nf6 4. g3 g6 5. Bg2 Bg7 6. O-O O-O 7. d4 cxd4 8. Nxd4 a6 9. a4 Nbd7 10. h3 Nc5 11. Re1 Qc7 12. Bg5 Be6 13. Nxe6 fxe6 14. Qe2 h6 15. Be3 Nfd7 16. Bd2 Qb6 17. Rab1 a5 18. b3 Rf7 19. Nb5 Raf8 20. Rf1 Kh7 21. Qe1 Ra8 22. Be3 Ne5 23. f4 Nc6 24. Qe2 Nb4 25.
Rbd1 Rc8 26. h4 h5 27. Kh2 Rcf8 28. Bh3 e5 29. f5 Qc6 30. fxg6+ Kxg6 31. Bf5+ Rxf5 32.
Rxf5 Rh8 33. Rg5+ Kf7 34. Rxh5 Qxe4 35. Rf1+ Ke6 36. Rxh8 Bxh8 37. Nc3 Qxc2 38. Qxc2 Nxc2 39. Bxc5 dxc5 40. Ne4 Kd5 41. Ng5 e4 42. Rf8 Bd4 43. Rd8+ Ke5 44. h5 e3 45. h6 Ne1 46. h7 Kf5 47.
Rxd4 cxd4 48. h8=Q d3 49. Qh5 d2 50. Nf3+ Ke4 51.
Ng1 Nd3 52. Qf3+ Kd4 53. Ne2+ Ke5 54. Qxe3+ 1-0

[Event "*** Titled Tuesday Blitz"]
[Site "Chess.com"]
[Date "2021.03.30"]
[Round "4"]
[White "IwkooO"]
[Black "swimmerchess"]
[Result "1/2-1/2"]
[WhiteElo "2640"]
[BlackElo "2828"]
[TimeControl "180+1"]
[EndTime "10:40:11 PDT"]
[Termination "Game drawn - insufficient material"]

1. e4 c5 2. Nc3 Nc6 3. Nge2 d6 4. d4 cxd4 5. Nxd4 Nf6 6. Bg5 e6 7. Qd2 a6 8. f3 Bd7 9. O-O-O h6 10. Be3 b5 11. g4 Ne5 12. h4 Rc8 13. Kb1 Be7 14.
Rg1 b4 15. Nce2 Nc4 16. Qc1 Nxe3 17. Qxe3 Qb6 18. g5 hxg5 19. hxg5 Nh5 20. g6 Bf6 21. gxf7+ Kxf7 22. Bh3 Rc7 23. Qb3 Bxd4 24. Nxd4 Nf4 25. Bg4 Rhc8 26. Nf5 d5 27. Nd4 e5 28.
exd5 Kf6 29. Bxd7 Rxd7 30. Ne6 Nxe6 31. dxe6 Rxd1+ 32. Rxd1 Rd8 33. Rc1 a5 34. a3 Qxe6 35. Qa4 Rd4 36. Qxa5 bxa3 37. Qxa3 Rf4 38. Rd1 Kf7 39. Rd6 Qc4 40. Qa7+ Kg8 41. Qa8+ Rf8 42. Qd5+ Qxd5 43. Rxd5 Rxf3 44. Rxe5 Kf7 45. b4 Kf6 46. Re8 Rc3 47. Kb2 Rc4 48. Kb3 Rc7 49. b5 g5 50.
c4 g4 51. Kb4 g3 52. b6 Rg7 53. Re1 g2 54. c5 g1=Q 55. Rxg1 Rxg1 56. Kb5 Ke6 57.
Kc6 Rb1 58. b7 Rb2 59. Kc7 Kd5 60. c6 Rb3 61. b8=Q Rxb8 62. Kxb8 Kxc6 1/2-1/2

[Event "*** Titled Tuesday Blitz"]
[Site "Chess.com"]
[Date "2021.03.30"]
[Round "4"]
[White "kubal123"]
[Black "bolence16"]
[Result "0-1"]
[WhiteElo "2235"]
[BlackElo "2422"]
[TimeControl "180+1"]
[EndTime "10:40:11 PDT"]
[Termination "bolence16 won by resignation"]

1. d4 d5 2. c4 c5 3. Nf3 e6 4. cxd5 exd5 5. g3 Nf6 6. Bg2 Nc6 7. O-O Be7 8. Nc3 O-O 9. Bg5 c4 10. Ne5 h6 11. Bxf6 Bxf6 12. Nxd5 Nxe5 13. Nxf6+ Qxf6 14. dxe5 Qxe5 15. Qc2 Be6 16. Rad1 Rab8 17. e4 Rfd8 18. f4 Qc5+ 19. Kh1 Bg4 20. Rde1 Bd7 21. e5 Bc6 22. f5 Bxg2+ 23. Qxg2 Qd5 24. Qxd5 Rxd5 25. e6 fxe6 26. fxe6 b5 27. Rf7 a5 28. Rd7 Rd3 29. Rxd3 cxd3 30. Rd1 Re8 31. Rxd3 Rxe6 32.
Rd5 Re1+ 33. Kg2 Re2+ 34. Kh3 Rxb2 35. a4 bxa4 36. Rxa5 Rb4 37. Ra7 Kh7 38. Kg2 Kg6 39. h4 Kf6 40. Kh3 g5 41. hxg5+ hxg5 42. Ra5 Kg6 43.
Ra6+ Kf5 44. Ra5+ Kf6 45. Ra6+ Ke5 46. Ra5+ Kf6 47. Ra6+ Kf5 48. Ra5+ Kg6 49. g4 Rb3+ 50. Kg2 a3 51. Ra6+ Kf7 52. Ra7+ Ke6 53. Ra5 Kf6 54.
Rf5+ Kg6 55. Ra5 Rb2+ 56. Kf3 a2 57. Ra6+ Kf7 58. Ra5 Ke6 59. Ke4 Kd6 60. Kd3 Kc6 61. Ra3 Rg2 62. Ke4 Rxg4+ 63. Kf5 Rg2 64. Ra8 Kb5 65.
Rb8+ Kc4 66. Rc8+ Kb3 67. Rb8+ Kc2 68. Rc8+ Kb1 69. Rb8+ Rb2 70. Rxb2+ Kxb2 71. Kxg5 0-1

[Event "*** Titled Tuesday Blitz"]
[Site "Chess.com"]
[Date "2021.03.30"]
[Round "4"]
[White "Walter_White_Poland"]
[Black "WiktoriaPOL"]
[Result "1-0"]
[WhiteElo "2289"]
[BlackElo "2050"]
[TimeControl "180+1"]
[EndTime "10:40:11 PDT"]
[Termination "Walter_White_Poland won on time"]

1. g3 c5 2. Bg2 d5 3. c4 d4 4. Nf3 Nc6 5. O-O Nf6 6. d3 e5 7. Bg5 Bd6 8. a3 h6 9. Bxf6 Qxf6 10. Nbd2 Be7 11. b4 cxb4 12. axb4 Nxb4 13. Ne4 Qe6 14.
Qa4+ Bd7 15. Qa5 Nc6 16. Qb5 Nb4 17. Qxe5 Qxe5 18. Nxe5 Bc6 19. Nxc6 Nxc6 20. Rfb1 Bb4 21. Nf6+ gxf6 22. Bxc6+ bxc6 23. Rxb4 O-O 24. Rba4 Rfe8 25. Kf1 Re7 26. Ra6 Rc7 27. c5 Kf8 28. R1a4 Ke7 29.
Rxd4 Rd7 30. Re4+ Kf8 31. Rxc6 a5 32. Ra4 Rb7 33. Rb6 Rxb6 34. cxb6 Rb8 35. Rxa5 Rxb6 36. e3 Rb1+ 37. Kg2 Rb3 38. d4 Rd3 39. h4 Kg7 40.
Kf3 Rd1 41. h5 Rd2 42. g4 Rd1 43. Kf4 Rd2 44. f3 Rf2 45. e4 Rd2 46. d5 Rd4 47. Ra6 Rd3 48. d6 Kf8 49. Ra8+ Kg7 50. Rd8 Rd4 51.
Kf5 Rd3 52. f4 Rd4 53. Rd7 Rd3 54. e5 fxe5 55. fxe5 Rd4 56. e6 Rd5+ 57. Ke4 Rg5 58. Rxf7+ Kg8 59. Rf4 1-0

[Event "*** Titled Tuesday Blitz"]
[Site "Chess.com"]
[Date "2021.03.30"]
[Round "4"]
[White "CrushingKings"]
[Black "Chessmasterzt"]
[Result "0-1"]
[WhiteElo "2458"]
[BlackElo "2624"]
[TimeControl "180+1"]
[EndTime "10:40:14 PDT"]
[Termination "Chessmasterzt won on time"]

1. e4 d6 2. d4 Nf6 3. Nc3 e5 4. Nf3 Nbd7 5. Bc4 Be7 6. O-O O-O 7. a4 c6 8. h3 b6 9. Re1 a6 10. Ba2 Bb7 11. d5 c5 12. Be3 Ne8 13. Bc4 g6 14. Bh6 Ng7 15. Qd2 Kh8 16. Bf1 Nf6 17. g4 Ng8 18. Bxg7+ Kxg7 19. Ne2 h6 20. Ng3 Bg5 21.
Nxg5 hxg5 22. b4 Rc8 23. Rab1 c4 24. b5 a5 25. Re3 Nf6 26. Rc3 Nd7 27. Rxc4 Rxc4 28.
Bxc4 Rh8 29. Kg2 Nc5 30. Bb3 Qf6 31. Qe3 Qf4 32. Re1 Bc8 33. Qxf4 gxf4 34. Nf1 f5 35. f3 fxe4 36. fxe4 g5 37. Nd2 Rh6 38. Nc4 Nd7 39.
c3 Kf7 40. Bc2 Ke7 41. Rh1 Kd8 42. Kf3 Kc7 43. Nd2 Nf6 44. Nb3 Bxg4+ 45. Kg2 Be2 46. Nd2 g4 47. hxg4 Rxh1 48. Kxh1 Nxg4 49. Bb3 Bd3 50.
Kg2 Nf6 51. Kf3 Kd7 52. Bc4 Bc2 53. Bb3 Nxe4 54. Nxe4 Bxb3 55. Nf6+ Ke7 56. Ke4 Kxf6 0-1

[Event "*** Titled Tuesday Blitz"]
[Site "Chess.com"]
[Date "2021.03.30"]
[Round "4"]
[White "DrMamaliga"]
[Black "lacafi"]
[Result "0-1"]
[WhiteElo "2390"]
[BlackElo "2221"]
[TimeControl "180+1"]
[EndTime "10:40:14 PDT"]
[Termination "lacafi won on time"]

1. c4 f5 2. Nf3 Nf6 3. b4 g6 4. Bb2 Bg7 5. e3 O-O 6. Qb3 d6 7. d4 c6 8. Nc3 Qe8 9. Be2 e5 10. c5+ Be6 11. Bc4 Bxc4 12. Qxc4+ d5 13. Qe2 exd4 14.
Nxd4 Nbd7 15. O-O Ne5 16. Rad1 Nc4 17. Ba1 Qd7 18. Nb1 Rae8 19. Nd2 Ne5 20. h3 Nh5 21. N4f3 Nxf3+ 22. Nxf3 Bxa1 23. Rxa1 f4 24. Nd4 fxe3 25. fxe3 Rxf1+ 26. Rxf1 Ng3 27. Qd3 Nxf1 28. Kxf1 Qe7 29. Ke2 Qe4 30. Qxe4 Rxe4 31. a4 a6 32. Kd3 Kf7 33.
b5 cxb5 34. axb5 a5 35. b6 a4 36. c6 bxc6 37. b7 Re8 38. Nxc6 a3 39. Kc3 Rxe3+ 40.
Kc2 a2 41. Kb2 Re2+ 42. Ka1 Re8 43. Kxa2 Ke6 44. Kb3 Kd6 45. b8=Q+ Rxb8+ 46. Nxb8 Ke5 47. Kc3 Kf4 48. Nd7 Kg3 49. Nf6 Kxg2 50. Nxh7 Kxh3 51. Kd4 Kh4 52. Kxd5 Kh5 53. Ke5 Kh6 54. Nf6 g5 55. Ng4+ Kh5 56. Ke6 Kxg4 57. Ke5 Kh4 58. Ke4 g4 59. Kf4 Kh3 60. Ke3 g3 61. Ke2 Kh2 0-1

[Event "*** Titled Tuesday Blitz"]
[Site "Chess.com"]
[Date "2021.03.30"]
[Round "4"]
[White "louis198"]
[Black "Eloist"]
[Result "1/2-1/2"]
[WhiteElo "2564"]
[BlackElo "2340"]
[TimeControl "180+1"]
[EndTime "10:40:15 PDT"]
[Termination "Game drawn - insufficient material"]

1. d4 e6 2. c4 Nf6 3. Nc3 Bb4 4.
Qb3 c5 5. e3 O-O 6. Bd3 b6 7. Ne2 Bb7 8. O-O Nc6 9. a3 Na5 10.
Qc2 Bxc3 11. Nxc3 cxd4 12. exd4 Rc8 13. b3 d5 14. Bg5 h6 15. Bxf6 Qxf6 16. cxd5 Qxd4 17.
Rac1 Nxb3 18. Bh7+ Kh8 19. Qxb3 Kxh7 20. Rfd1 Qc4 21. Qb1+ Kh8 22. d6 Qg4 23. f3 Bxf3 24. Rd2 Rfd8 25. Nb5 Bd5 26. Rc7 a6 27. Na7 Rb8 28. Nc6 Bxc6 29. Rxc6 Qf4 30. Qd3 e5 31. g3 Qa4 32. Rc7 Rd7 33. Rxd7 Qxd7 34. Qxa6 e4 35. Qe2 Re8 36. Qe3 Re6 37. Qxb6 e3 38. Re2 Rxd6 39. Qb8+ Kh7 40. Rxe3 Rd1+ 41. Kf2 Qd2+ 42. Re2 Qd4+ 43. Re3 Rd2+ 44. Kf3 Rxh2 45. Qb1+ g6 46. Qb7 Kg7 47.
Qe4 Qd1+ 48. Re2 Rxe2 49. Qxe2 Qxe2+ 50. Kxe2 Kf6 51. Kd3 Ke6 52. Kc4 Kd6 53. Kb5 Kc7 54. Kc5 f5 55. Kd5 g5 56. Ke5 f4 57. gxf4 gxf4 58.
Kxf4 Kb6 59. Kg4 Ka5 60. Kh5 Ka4 61. Kxh6 Kxa3 1/2-1/2

[Event "*** Titled Tuesday Blitz"]
[Site "Chess.com"]
[Date "2021.03.30"]
[Round "4"]
[White "Kale36"]
[Black "Bhagya_2312"]
[Result "1-0"]
[WhiteElo "2391"]
[BlackElo "2162"]
[TimeControl "180+1"]
[EndTime "10:40:15 PDT"]
[Termination "Kale36 won on time"]

1. b3 d5 2. Bb2 c6 3. e3 Bf5 4. Nf3 Nd7 5. d4 e6 6. Bd3 Bxd3 7. cxd3 Bd6 8. O-O Ne7 9. Nbd2 O-O 10. Ne5 f6 11. Nxd7 Qxd7 12. e4 e5 13. dxe5 fxe5 14. d4 exd4 15. exd5 Nxd5 16. Bxd4 Qf5 17. Nc4 Rad8 18.
Nxd6 Rxd6 19. Bc5 Rg6 20. Bxf8 Qh3 21. g3 Rh6 22. Re1 Qxh2+ 23. Kf1 Qh1+ 24. Ke2 Qe4+ 25. Kd2 Qd4+ 26. Kc2 Qc3+ 27. Kb1 Kxf8 28. Qc1 Qd4 29.
Qc4 Nc3+ 30. Kc2 Qxc4 31. bxc4 Na4 32. Kb3 Nc5+ 33. Kc2 Rf6 34. f4 Rg6 35. Re3 Rh6 36.
Rd1 Kf7 37. Rd2 Rh1 38. Kc3 Rc1+ 39. Kd4 b6 40. f5 Rf1 41. g4 Rf4+ 42. Kc3 Ne4+ 43.
Rxe4 Rxe4 44. Rd7+ Kf6 45. g5+ Kxf5 46. Rxg7 Rg4 47.
Rxa7 Rxg5 48. Rxh7 Ke4 49. Rd7 Rg3+ 50. Kb4 Rg2 51. a4 Rb2+ 52. Kc3 Rb1 53. Re7+ Kf5 54. Rc7 Ke5 55. Rxc6 1-0

[Event "*** Titled Tuesday Blitz"]
[Site "Chess.com"]
[Date "2021.03.30"]
[Round "4"]
[White "Alexsur1981"]
[Black "sganerdene"]
[Result "1-0"]
[WhiteElo "2869"]
[BlackElo "2684"]
[TimeControl "180+1"]
[EndTime "10:40:16 PDT"]
[Termination "Alexsur1981 won by resignation"]

1. e4 c5 2. Nc3 Nc6 3. Bb5 Nd4 4.
Nf3 g6 5. Nxd4 cxd4 6. Ne2 Bg7 7.
c3 Qb6 8. Ba4 dxc3 9. bxc3 Nf6 10. f3 O-O 11. d4 d6 12. O-O Be6 13. Bc2 Rac8 14. Bd3 Bc4 15. a4 Qa6 16. Bxc4 Rxc4 17. a5 Rfc8 18. Qd3 Nd7 19. Bd2 e5 20. Rfd1 Nf8 21. Be3 exd4 22. cxd4 Ne6 23. Ra3 Rc2 24. Qxa6 bxa6 25. Kf1 Nc7 26. Rc3 Nb5 27. Rxc8+ Rxc8 28. f4 Rc4 29. e5 Ra4 30. Rc1 h5 31. Rc8+ Kh7 32. Rd8 dxe5 33. dxe5 Rxa5 34. Nd4 Ra1+ 35. Kf2 Ra2+ 36. Kf3 Ra3 37. Rd7 Kg8 38. Rd8+ Kh7 39. Rd7 Nxd4+ 40. Rxd4 g5 41. g3 Kg6 42. Rd7 Bf8 43. Ke4 Ra4+ 44. Bd4 gxf4 45. gxf4 Bc5 46. f5+ Kg5 47. f6 Rxd4+ 48. Rxd4 Bxd4 49. Kxd4 Kf5 50. Kd5 a5 51. Kd6 a4 52. e6 a3 53. exf7 a2 54. f8=Q a1=Q 55. Qc8+ Kg6 56. Qg8+ Kf5 57. f7 Qa3+ 58. Kd7 Qa4+ 59. Kd8 Qd4+ 60. Ke8 Qe5+ 61. Kf8 Qf6 62. Qh7+ Ke6 63. Kg8 Qg5+ 64. Qg7 1-0

[Event "*** Titled Tuesday Blitz"]
[Site "Chess.com"]
[Date "2021.03.30"]
[Round "4"]
[White "AlexOstrovskiy"]
[Black "Smirnov_Pavel"]
[Result "1/2-1/2"]
[WhiteElo "2739"]
[BlackElo "2886"]
[TimeControl "180+1"]
[EndTime "10:40:17 PDT"]
[Termination "Game drawn by repetition"]

1. d4 Nf6 2. Bf4 e6 3. e3 c5 4. c3 b6 5. Nd2 Be7 6. Ngf3 O-O 7. h3 d6 8. a4 Ba6 9. Bxa6 Nxa6 10. Qe2 Nc7 11. O-O cxd4 12. exd4 Qd7 13. Rfe1 a6 14. Nc4 Nfd5 15. Bh2 b5 16. axb5 axb5 17. Ne3 Qc6 18.
Nd2 h6 19. Bg3 Ra4 20. Rxa4 bxa4 21. c4 Nxe3 22. Qxe3 Bg5 23. Qc3 Rb8 24. Ne4 Be7 25. d5 exd5 26. cxd5 Qb6 27. Qc6 Qa5 28. Nc3 Bf8 29.
Qxa4 Qxa4 30. Nxa4 Nxd5 31. Rd1 Rb5 32. Nc3 Nxc3 33.
bxc3 d5 34. Be5 f6 35. Bd4 Kf7 36. g4 Bd6 37. Kg2 Be5 38. Kf3 Ke6 39. Ke3 g5 40.
Kd3 Rb2 41. Ke3 Rc2 42. Rd3 Rc1 43. Kd2 Rh1 44. Rf3 Bf4+ 45. Be3 Be5 46. Bd4 Ra1 47. Be3 Ra2+ 48. Kd3 Ra1 49. Bd4 Rd1+ 50. Ke2 Rb1 51. Kd3 Bxd4 52. Kxd4 Rd1+ 53. Rd3 Rh1 54. Re3+ Kd6 55.
Rf3 Rd1+ 56. Ke3 Ke5 57. Rf5+ Ke6 58. Ke2 Rc1 59. Rf3 Ra1 60. Kd3 Ra8 61. Kd4 Rc8 62. Re3+ Kd6 63. Rf3 Rc4+ 64. Kd3 Ke6 65. Re3+ Kd6 66.
Rf3 Ke6 67. Re3+ Kd6 68. Rf3 1/2-1/2

[Event "*** Titled Tuesday Blitz"]
[Site "Chess.com"]
[Date "2021.03.30"]
[Round "4"]
[White "gilbert_gm"]
[Black "moro182"]
[Result "1-0"]
[WhiteElo "2569"]
[BlackElo "2719"]
[TimeControl "180+1"]
[EndTime "10:40:18 PDT"]
[Termination "gilbert_gm won by resignation"]

1. d4 g6 2. c4 Bg7 3. Nc3 d6 4. e4 c5 5. dxc5 Bxc3+ 6. bxc3 dxc5 7. Qxd8+ Kxd8 8. Nf3 Nc6 9. Bf4 f6 10. O-O-O+ Ke8 11. e5 g5 12. Bg3 Be6 13. exf6 exf6 14. Bd3 Kf7 15. Rhe1 Nge7 16. Nd2 b6 17. Ne4 Nf5 18. Nd6+ Nxd6 19. Bxd6 Rad8 20. Bc7 Rc8 21. Bg3 Na5 22.
Rxe6 Kxe6 23. Be4 Rcd8 24. Bd5+ Rxd5 25. cxd5+ Kd7 26. Kc2 Re8 27. Kd3 Nb7 28. c4 f5 29.
h4 f4 30. Bh2 h6 31. hxg5 hxg5 32. g3 f3 33. g4 Na5 34. Bg3 Re2 35. Rh1 Rxa2 36.
Rh7+ Ke8 37. d6 Ra1 38. Be5 Rd1+ 39. Kc2 Rxd6 40. Bxd6 Nxc4 41. Bg3 a5 42. Kd3 b5 43.
Ra7 a4 44. Rb7 a3 45. Rxb5 a2 46. Rb8+ Kd7 47. Ra8 Nb2+ 48. Kc2 Nc4 49. Rxa2 Ke6 50. Ra6+ Kd5 51. Kc3 Ne5 52. Bxe5 Kxe5 53. Ra4 Kd5 54.
Rc4 Ke5 55. Kd3 Kd5 56. Kc3 Ke5 57. Rxc5+ Kf4 58. Rc4+ 1-0